 Dungeon Crawl Stone Soup version 0.17.0-28-g6e173f8 (webtiles) character file.

394 PossumBlood the Shield-Bearer (level 7, -1/53 HPs)
             Began as a Human Fighter on Nov 27, 2015.
             Slain by Duvessa
             ... wielding a +0 vampiric rapier
              (14 damage)
             ... on level 4 of the Dungeon.
             The game lasted 00:13:36 (3717 turns).

PossumBlood the Shield-Bearer (Human Fighter)       Turns: 3717, Time: 00:13:36

Health: -1/53      AC: 12    Str: 18 (21) XL:     7   Next: 8%
Magic:  7/7        EV:  9    Int:  8      God:
Gold:   37         SH: 10    Dex: 15      Spells: 0 memorised, 6 levels left

rFire  . . .     SeeInvis .     a - +1 long sword
rCold  . . .     Clarity  .     b - +0 scale mail
rNeg   . . .     SustAt   .     c - +0 shield
rPois  .         Gourm    .     q - +0 helmet
rElec  .         Spirit   .     j - +0 cloak
rCorr  .         Warding  .     (no gloves)
rMut   .         Stasis   .     m - +2 pair of boots
MR     .....                    i - amulet of rage
Stlth  ..........               (no ring)
                                (no ring)

@: mighty, hasted, very quick, not resistant to hostile enchantments, extremely
unstealthy
A: no striking features
a: Evoke Berserk Rage


You were on level 4 of the Dungeon.
You were not hungry.

You visited 1 branch of the dungeon, and saw 4 of its levels.

You collected 137 gold pieces.
You spent 100 gold pieces at shops.

Inventory:

Hand Weapons
 a - a +1 long sword (weapon)
Missiles
 o - 2 tomahawks (quivered)
Armour
 b - a +0 scale mail (worn)
 c - a +0 shield (worn)
 j - a +0 cloak (worn)
 m - a +2 pair of boots (worn)
 q - a +0 helmet (worn)
Jewellery
 f - an uncursed amulet of resist mutation
 g - an uncursed amulet of stasis
 i - an amulet of rage (around neck)
Scrolls
 e - a scroll of blinking
 n - 4 scrolls of identify
Potions
 h - a potion of haste
 k - a potion of magic
 p - a potion of flight
Comestibles
 l - 3 beef jerkies
 r - 3 meat rations


   Skills:
 + Level 3.9 Fighting
 + Level 3.1 Long Blades
 + Level 3.9 Armour
 + Level 3.2 Dodging
 - Level 0.4 Stealth
 + Level 4.7 Shields


You had 6 spell levels left.
You didn't know any spells.

Dungeon Overview and Level Annotations

Branches:
Dungeon (4/15)
 Temple: D:4-7

Altars:
The Shining One

Shops:
D:4 ?

Annotations:
D:4 Duvessa


Message History

You block the ooze's attack.
You hit Duvessa.
Duvessa is heavily wounded.
You block Duvessa's attack. You block the ooze's attack.
Duvessa hits you with a vampiric rapier.
You closely miss Duvessa.
Duvessa is heavily wounded.
Duvessa hits you with a vampiric rapier!
Duvessa draws strength from your injuries!
The ooze hits you but does no damage. Duvessa completely misses you.
You barely miss Duvessa.
Duvessa is moderately wounded.
The ooze hits you but does no damage.
Duvessa hits you with a vampiric rapier.
* * * LOW HITPOINT WARNING * * *
You block the ooze's attack.
Drink which item? (? for menu, Esc to quit)
You feel yourself speed up. Duvessa hits you but does no damage.
Duvessa hits you with a vampiric rapier!
You die...

..## #### ######(.... ...
..# #..........
#####..#####.###.#......##
..............##...#..## #
..................#..#####
#..................÷.....
...##...........#.>#######
...............†..##
.####...e@.....>†.#
#...J)........##
#......)...##..###
##.##.###..###...##
.......#..## ###..####
#.........## ##....#
.........## ####..
.........# ##. #... #.


You could see Duvessa (berserk) and an ooze.

Vanquished Creatures
  A phantom (D:4)
  Dowan (D:4)
  A hound (D:4)
  A quasit (D:3)
  8 adders
  A gnoll (D:4)
  4 worms
  9 orcs (D:3)
  A giant cockroach (D:3)
  9 goblins
  7 hobgoblins
  3 ball pythons
  19 bats
  10 giant newts
  7 jackals (D:2)
  4 kobolds
  A quokka (D:2)
  8 rats
95 creatures vanquished.

Notes
Turn   | Place    | Note
--------------------------------------------------------------
     0 | D:1      | PossumBlood the Human Fighter began the quest for the Orb.
     0 | D:1      | Reached XP level 1. HP: 18/18 MP: 1/1
     0 | D:1      | Noticed a formicid zombie
     4 | D:1      | Noticed a human
     5 | D:1      | Noticed a human zombie
     7 | D:1      | Noticed a gargoyle
    10 | D:1      | Noticed a spriggan
    10 | D:1      | Noticed a dwarf
    12 | D:1      | Noticed a spriggan zombie
    12 | D:1      | Noticed a ghoul
    14 | D:1      | Noticed a spriggan skeleton
    16 | D:1      | Noticed a troll
    16 | D:1      | Noticed a troll zombie
    16 | D:1      | Noticed an octopode zombie
    20 | D:1      | Noticed a draconian
   208 | D:1      | Reached XP level 2. HP: 22/24 MP: 2/2
   651 | D:1      | Reached XP level 3. HP: 26/29 MP: 3/3
  1061 | D:2      | Reached skill level 1 in Dodging
  1166 | D:2      | Reached XP level 4. HP: 35/35 MP: 4/4
  2061 | D:3      | Reached XP level 5. HP: 41/41 MP: 5/5
  2214 | D:3      | HP: 3/61 [poisoned by an adder]
  2647 | D:3      | Reached skill level 4 in Shields
  2833 | D:3      | Reached XP level 6. HP: 28/47 MP: 6/6
  3439 | D:4      | Found Xytattiest's Magic Scroll Emporium.
  3442 | D:4      | Bought a scroll of identify for 20 gold pieces
  3442 | D:4      | Bought 2 scrolls of identify for 40 gold pieces
  3442 | D:4      | Bought a scroll of identify for 20 gold pieces
  3442 | D:4      | Bought a scroll of identify for 20 gold pieces
  3512 | D:4      | Found a glowing golden altar of the Shining One.
  3692 | D:4      | Noticed Dowan
  3700 | D:4      | Noticed Duvessa
  3709 | D:4      | Killed Dowan
  3709 | D:4      | Reached XP level 7. HP: 43/53 MP: 7/7
  3717 | D:4      | Slain by Duvessa

Action                   |  1- 3 |  4- 6 |  7- 9 || total
-------------------------+-------+-------+-------++-------
Melee: Long sword        |   129 |   217 |     7 ||   353
  Use: Scroll            |     4 |     6 |       ||    10
       Potion            |       |     9 |     1 ||    10
  Eat: Meat ration       |     1 |       |       ||     1
       Bread ration      |       |     1 |       ||     1
